Map: El Dorado

Players

UnderBob

  • Race: Zerg Zerg
  • League: Diamond
  • Spawn Location: 7:00

wootwoot - Winner!

  • Race: Zerg Zerg
  • League: Platinum
  • Spawn Location: 5:00

VOD

Have the link to the VOD?

Description

Time

  • Played on: April 2, 2025, 12:10 a.m.
  • Length: 4:12
Show
View Real Time Build Order
Export as new Build Order

UnderBob Zerg 

Build Orders: Pool First 

Get SALT Encoding   

  12  0:00  Drone  
  13  0:12  Overlord  
  13  0:18  Drone  
  14  0:31  Drone  
  14  0:32  Drone  
  16  0:37  Drone  
  17  0:51  Spawning Pool  
  17  0:56  Drone, Extractor  
  16  0:59  Drone  
  17  1:08  Drone  
  18  1:25  Hatchery, Drone  
  18  1:34  Drone  
  19  1:42  Queen  
  21  1:48  Overlord  
  21  1:56  Drone  
  22  2:03  Metabolic Boost  
  22  2:09  Drone  
  23  2:17  Drone  
  24  2:25  Zergling x2  
  25  2:47  Drone x3  
  28  2:53  Baneling Nest  
  27  3:05  Queen  
  27  3:07  Drone x3  
  27  3:08  Overlord  
  31  3:30  Zergling x2  
  31  3:31  Zergling x6  
  35  3:35  Zergling x2  
  35  3:36  Zergling x6  
Show
View Real Time Build Order
Export as new Build Order

wootwoot Zerg - Winner!

Build Orders: Hatch First 

Get SALT Encoding   

  12  0:01  Drone  
  13  0:08  Drone  
  14  0:15  Extractor  
  14  0:16  Drone  
  15  0:24  Overlord  
  15  0:43  Drone x2  
  15  0:45  Drone  
  18  0:58  Hatchery  
  18  1:01  Extractor  
  16  1:15  Spawning Pool  
  15  1:18  Drone  
  15  1:22  Drone  
  17  1:27  Drone  
  17  1:31  Drone  
  19  1:42  Overlord  
  19  2:02  Metabolic Boost  
  19  2:10  Queen  
  19  2:12  Queen  
  23  2:16  Zergling x2  
  23  2:19  Zergling x2  
  25  2:23  Zergling x2  
  25  2:26  Zergling x2  
  27  2:30  Zergling x2  
  27  2:32  Zergling x2  
  27  2:35  Zergling x2  
  30  2:44  Overlord  
  30  2:49  Zergling x2  
  31  2:53  Zergling x4  
  33  3:03  Zergling x2  
  34  3:09  Zergling x2  
  35  3:13  Zergling x2  
  35  3:14  Zergling x2  
  38  3:20  Zergling x12  
  43  3:28  Zergling x2  
  44  3:38  Baneling Nest  
  43  3:44  Zergling x2  
  43  3:47  Zergling x2  
  44  3:53  Zergling x8  
Tags
 
Matchup
ZvZ
Race
Zerg
Replay Pack
B2M-Replays
Spawn Locations
Close Positions
Add a new tag
Caveats
  • Supply blocks, unpowered buildings, or Contaminate may cause inaccurate times.
  • Supply counts are checked every 10 seconds.